TOP OF THE 1ST |
University of Miami Hurricanes batting - Pitching for University of Virginia Cavaliers : RHP Andy Corrales
|
Pitching: RHP Andy Corrales
|
|
Batting: RHB C.J. Fleet
|
0-0: Called Strike 0-1: Ground out 6-3 (Groundball, 6S, EV 86.2 MPH)
|
Batting: LHB Juan Zuniga
|
0-0: Called Strike 0-1: Ball 1-1: Ball 2-1: Bunt missed! 2-2: Foul Ball, location: 2F 2-2: Hit by Pitch
|
Batting: RHB Burke Miller
|
0-0: Called Strike 0-1: Ball Juan Zuniga is caught stealing 2nd base 2-4 1-1: Ball 2-1: Ball 3-1: Base on Balls
|
Batting: RHB Chris Zubia
|
0-0: Ball 1-0: Ball 2-0: Foul Ball, location: 2F 2-1: Ball Burke Miller steals 2nd, throwing error, E2 Burke Miller to third 3-1: Fly out, F9 (Flyball, 9, EV 96.9 MPH)
|
Top of the 1st over - 0 runs, 0 hits, 1 error, 1 left on base; University of Miami 0 - University of Virginia 0 |
BOTTOM OF THE 1ST |
University of Virginia Cavaliers batting - Pitching for University of Miami Hurricanes : RHP Kieran Jesso
|
Pitching: RHP Kieran Jesso
|
|
Batting: RHB Luke Bertrand
|
0-0: Called Strike 0-1: Ball 1-1: SINGLE (Groundball, 56S, EV 70.6 MPH) (infield hit)
|
Batting: SHB Ethan Lewis
|
0-0: Ball 1-0: Called Strike 1-1: Foul Ball, location: 2F 1-2: Fielders Choice at 2nd, 4-6 (Groundball, 34, EV 87.5 MPH)
|
Batting: LHB Josh Glass
|
0-0: Foul Ball, location: 2F 0-1: Foul Ball, location: 2F Balk! Ethan Lewis to second 0-2: Ball 1-2: Foul Ball, location: 2F 1-2: Foul Ball, location: 2F 1-2: Ball 2-2: Foul Ball, location: 2F 2-2: Ball 3-2: SINGLE (Groundball, 4MD, EV 100.0 MPH) Ethan Lewis to third Runner from 3rd tries for Home, SAFE, throw by CF to home
|
Batting: LHB Alex Aguilar
|
0-0: Fly out, F9 (Flyball, 9LSF, EV 85.6 MPH)
|
Batting: RHB Jason Lambert
|
0-0: Ball 1-0: Foul Ball, location: 2F 1-1: Swinging Strike 1-2: Ball 2-2: SINGLE (Flyball, 89S, EV 92.5 MPH) Josh Glass to second
|
Batting: RHB Rob Coble
|
0-0: Ball 1-0: Ball 2-0: Swinging Strike 2-1: 3-RUN HOME RUN (Flyball, 7LD, EV 96.2 MPH), Distance : 344 ft
|
Batting: RHB Jose Velez
|
0-0: SINGLE (Flyball, 9S, EV 90.0 MPH)
|
Batting: RHB Allen McCaskill
|
0-0: Foul Ball, location: 2F 0-1: Foul Ball, location: 2F 0-2: Ball 1-2: Ball 2-2: Ball 3-2: Foul Ball, location: 2F 3-2: Foul Ball, location: 2F 3-2: Fly out, F7 (Flyball, 7, EV 85.0 MPH)
|
Bottom of the 1st over - 4 runs, 5 hits, 0 errors, 1 left on base; University of Miami 0 - University of Virginia 4 |
TOP OF THE 2ND |
University of Miami Hurricanes batting - Pitching for University of Virginia Cavaliers : RHP Andy Corrales
|
Batting: LHB Dennis Jones
|
0-0: Foul Ball, location: 2F 0-1: Ball 1-1: Called Strike 1-2: Ball 2-2: Foul Ball, location: 2F 2-2: Fly out, F8 (Flyball, 8RM, EV 91.9 MPH)
|
Batting: SHB Taylor Shelton
|
0-0: Called Strike 0-1: Ball 1-1: Called Strike 1-2: Foul Ball, location: 2F 1-2: Ball 2-2: Foul Ball, location: 2F 2-2: Foul Ball, location: 2F 2-2: Foul Ball, location: 2F 2-2: Ball 3-2: SINGLE (Groundball, 6M, EV 105.0 MPH)
|
Batting: LHB Addergoole Kartosuwiryo
|
0-0: Called Strike 0-1: Ball Taylor Shelton is caught stealing 2nd base 2-6 1-1: Ball 2-1: Ball 3-1: Called Strike 3-2: Ground out 6-3 (Groundball, 6, EV 90.6 MPH)
|
Top of the 2nd over - 0 runs, 1 hit, 0 errors, 0 left on base; University of Miami 0 - University of Virginia 4 |
BOTTOM OF THE 2ND |
University of Virginia Cavaliers batting - Pitching for University of Miami Hurricanes : RHP Kieran Jesso
|
Batting: RHB Jason Thresher
|
0-0: Ball 1-0: Ball 2-0: TRIPLE (Flyball, 89XD, EV 97.5 MPH)
|
Batting: RHB Luke Bertrand
|
0-0: Ball 1-0: Foul Ball, location: 2F 1-1: Called Strike 1-2: Foul Ball, location: 2F 1-2: Ball 2-2: Ball 3-2: Foul Ball, location: 2F 3-2: Base on Balls
|
Batting: SHB Ethan Lewis
|
0-0: Called Strike 0-1: Fielders Choice at 2nd, 2-4 (Groundball, 15S, EV 61.9 MPH)
|
Batting: LHB Josh Glass
|
0-0: Foul Ball, location: 2F 0-1: Swinging Strike 0-2: SINGLE (Line Drive, 78S, EV 104.4 MPH) Jason Thresher scores Ethan Lewis to second
|
Batting: LHB Alex Aguilar
|
0-0: Called Strike 0-1: Ball 1-1: Ball 2-1: Called Strike 2-2: Ball 3-2: Foul Ball, location: 2F 3-2: Grounds into double play, 3-6-3 (Groundball, 23, EV 87.5 MPH)
|
Bottom of the 2nd over - 1 run, 2 hits, 0 errors, 1 left on base; University of Miami 0 - University of Virginia 5 |
TOP OF THE 3RD |
University of Miami Hurricanes batting - Pitching for University of Virginia Cavaliers : RHP Andy Corrales
|
Batting: RHB Sam Costello
|
0-0: Ball 1-0: Swinging Strike 1-1: Ball 2-1: Foul Ball, location: 2F 2-2: Strikes out swinging
|
Batting: LHB Jose Lopez
|
0-0: Ball 1-0: Foul Ball, location: 2F 1-1: Ball 2-1: Called Strike 2-2: SINGLE (Groundball, 56S, EV 75.6 MPH) (infield hit)
|
Batting: RHB C.J. Fleet
|
0-0: Ball 1-0: Called Strike 1-1: Ball 2-1: Called Strike 2-2: Foul Ball, location: 2F 2-2: Ball 3-2: Foul Ball, location: 2F 3-2: Fly out, F9 (Flyball, 9D, EV 89.4 MPH)
|
Batting: LHB Juan Zuniga
|
0-0: Ball 1-0: Called Strike 1-1: Called Strike 1-2: Ground out 3-1 (Groundball, 34S, EV 76.2 MPH)
|
Top of the 3rd over - 0 runs, 1 hit, 0 errors, 1 left on base; University of Miami 0 - University of Virginia 5 |
BOTTOM OF THE 3RD |
University of Virginia Cavaliers batting - Pitching for University of Miami Hurricanes : RHP Kieran Jesso
|
Pitching: LHP Bert Anderson
|
|
Batting: RHB Jason Lambert
|
0-0: Ball 1-0: Fly out, F6 (Popup, 5D, EV 46.9 MPH)
|
Batting: RHB Rob Coble
|
0-0: Called Strike 0-1: Ball 1-1: Foul Ball, location: 2F 1-2: Foul Ball, location: 2F 1-2: Ball 2-2: SINGLE (Line Drive, 7S, EV 111.9 MPH)
|
Batting: RHB Jose Velez
|
0-0: Called Strike 0-1: Ball 1-1: SINGLE (Groundball, 56D, EV 98.1 MPH) Rob Coble to second
|
Batting: RHB Allen McCaskill
|
0-0: Ball 1-0: Foul Ball, location: 2F 1-1: Swinging Strike 1-2: Strikes out swinging
|
Batting: RHB Jason Thresher
|
0-0: Ball 1-0: Foul Ball, location: 2F 1-1: Called Strike 1-2: Ball 2-2: Ball 3-2: Foul Ball, location: 2F 3-2: Ground out 6-3 (Groundball, 6, EV 88.1 MPH)
|
Bottom of the 3rd over - 0 runs, 2 hits, 0 errors, 2 left on base; University of Miami 0 - University of Virginia 5 |
TOP OF THE 4TH |
University of Miami Hurricanes batting - Pitching for University of Virginia Cavaliers : RHP Andy Corrales
|
Batting: RHB Burke Miller
|
0-0: Ball 1-0: Ball 2-0: Ball 3-0: Called Strike 3-1: Base on Balls
|
Batting: RHB Chris Zubia
|
0-0: Ball Burke Miller is caught stealing 2nd base 2-4 1-0: Swinging Strike 1-1: Foul Ball, location: 2F 1-2: Foul Ball, location: 2F 1-2: Foul Ball, location: 2F 1-2: Ball 2-2: Foul Ball, location: 2F 2-2: Foul Ball, location: 2F 2-2: Foul Ball, location: 2F 2-2: Foul Ball, location: 2F 2-2: Foul Ball, location: 2F 2-2: Ground out 5-3 (Groundball, 56, EV 108.8 MPH)
|
Batting: LHB Dennis Jones
|
0-0: Ball 1-0: Ball 2-0: Ball 3-0: Called Strike 3-1: Called Strike 3-2: Base on Balls
|
Batting: SHB Taylor Shelton
|
0-0: Ball 1-0: SINGLE (Groundball, 34S, EV 69.4 MPH) (infield hit) Dennis Jones to second
|
Batting: LHB Addergoole Kartosuwiryo
|
0-0: Ball 1-0: Foul Ball, location: 2F 1-1: Called Strike 1-2: Strikes out swinging
|
Top of the 4th over - 0 runs, 1 hit, 0 errors, 2 left on base; University of Miami 0 - University of Virginia 5 |
BOTTOM OF THE 4TH |
University of Virginia Cavaliers batting - Pitching for University of Miami Hurricanes : LHP Bert Anderson
|
Batting: RHB Luke Bertrand
|
0-0: Foul Ball, location: 2F 0-1: Called Strike 0-2: Strikes out looking
|
Batting: SHB Ethan Lewis
|
0-0: Called Strike 0-1: Ball 1-1: Ball 2-1: Swinging Strike 2-2: Strikes out swinging
|
Batting: LHB Josh Glass
|
0-0: Called Strike 0-1: Foul Ball, location: 2F 0-2: Ball 1-2: Ball 2-2: Ball 3-2: Ground out 6-3 (Groundball, 56, EV 86.9 MPH)
|
Bottom of the 4th over - 0 runs, 0 hits, 0 errors, 0 left on base; University of Miami 0 - University of Virginia 5 |
TOP OF THE 5TH |
University of Miami Hurricanes batting - Pitching for University of Virginia Cavaliers : RHP Andy Corrales
|
Batting: RHB Sam Costello
|
0-0: Foul Ball, location: 2F 0-1: Swinging Strike 0-2: SINGLE (Line Drive, 7S, EV 93.8 MPH)
|
Batting: LHB Jose Lopez
|
0-0: Foul Ball, location: 2F 0-1: Foul Ball, location: 2F 0-2: Ball 1-2: Foul Ball, location: 2F 1-2: Fielders Choice at 2nd, 4-6 (Groundball, 4, EV 102.5 MPH)
|
Batting: RHB C.J. Fleet
|
0-0: Swinging Strike 0-1: Ball 1-1: Foul Ball, location: 2F 1-2: Strikes out looking
|
Batting: LHB Juan Zuniga
|
0-0: Ball 1-0: Ball 2-0: Ground out 4-3 (Groundball, 4, EV 85.6 MPH)
|
Top of the 5th over - 0 runs, 1 hit, 0 errors, 1 left on base; University of Miami 0 - University of Virginia 5 |
BOTTOM OF THE 5TH |
University of Virginia Cavaliers batting - Pitching for University of Miami Hurricanes : LHP Bert Anderson
|
Batting: LHB Alex Aguilar
|
0-0: Foul Ball, location: 2F 0-1: SINGLE (Groundball, 3D, EV 95.6 MPH)
|
Batting: RHB Jason Lambert
|
0-0: Called Strike 0-1: Ball 1-1: Swinging Strike 1-2: Strikes out looking
|
Batting: RHB Rob Coble
|
0-0: Called Strike 0-1: Foul Ball, location: 2F 0-2: Fly out, F9 (Flyball, 9D, EV 96.9 MPH)
|
Batting: RHB Jose Velez
|
0-0: Ball 1-0: Ball 2-0: Foul Ball, location: 2F 2-1: Fly out, F7 (Flyball, 7S, EV 85.0 MPH)
|
Bottom of the 5th over - 0 runs, 1 hit, 0 errors, 1 left on base; University of Miami 0 - University of Virginia 5 |
TOP OF THE 6TH |
University of Miami Hurricanes batting - Pitching for University of Virginia Cavaliers : RHP Andy Corrales
|
Pitching: LHP Cory Byler
|
|
Batting: RHB Burke Miller
|
0-0: Ground out 4-3 (Groundball, 34D, EV 86.9 MPH)
|
Batting: RHB Chris Zubia
|
0-0: Foul Ball, location: 2F 0-1: Ball 1-1: Ball 2-1: Foul Ball, location: 2F 2-2: Ball 3-2: Ground out 4-3 (Groundball, 4, EV 99.4 MPH)
|
Batting: LHB Dennis Jones
|
0-0: Swinging Strike 0-1: Foul Ball, location: 2F 0-2: Ball 1-2: Fly out, F5 (Popup, 25F, EV 80.6 MPH)
|
Top of the 6th over - 0 runs, 0 hits, 0 errors, 0 left on base; University of Miami 0 - University of Virginia 5 |
BOTTOM OF THE 6TH |
University of Virginia Cavaliers batting - Pitching for University of Miami Hurricanes : LHP Bert Anderson
|
Batting: RHB Allen McCaskill
|
0-0: Ball 1-0: Called Strike 1-1: Fly out, F7 (Flyball, 78M, EV 96.2 MPH)
|
Batting: RHB Jason Thresher
|
0-0: Ball 1-0: Ball 2-0: Ground out 4-3 (Groundball, 4, EV 102.5 MPH)
|
Batting: RHB Luke Bertrand
|
0-0: Ball 1-0: Foul Ball, location: 2F 1-1: Fly out, F8 (Flyball, 8RM, EV 93.1 MPH)
|
Bottom of the 6th over - 0 runs, 0 hits, 0 errors, 0 left on base; University of Miami 0 - University of Virginia 5 |
TOP OF THE 7TH |
University of Miami Hurricanes batting - Pitching for University of Virginia Cavaliers : LHP Cory Byler
|
Batting: SHB Taylor Shelton
|
0-0: Called Strike 0-1: Ball 1-1: Foul Ball, location: 2F 1-2: Ball 2-2: Foul Ball, location: 2F 2-2: Ground out 6-3 (Groundball, 56, EV 106.9 MPH)
|
Batting: LHB Addergoole Kartosuwiryo
|
0-0: Called Strike 0-1: Ball 1-1: Ball 2-1: Swinging Strike 2-2: Strikes out swinging
|
Batting: RHB Sam Costello
|
0-0: Called Strike 0-1: Called Strike 0-2: Ball 1-2: Ground out 6-3 (Groundball, 6, EV 91.9 MPH)
|
Top of the 7th over - 0 runs, 0 hits, 0 errors, 0 left on base; University of Miami 0 - University of Virginia 5 |
BOTTOM OF THE 7TH |
University of Virginia Cavaliers batting - Pitching for University of Miami Hurricanes : LHP Bert Anderson
|
Pitching: RHP Bobby Edwards
|
|
Batting: SHB Ethan Lewis
|
0-0: Ball 1-0: Ball 2-0: Called Strike 2-1: Foul Ball, location: 2F 2-2: Foul Ball, location: 2F 2-2: Strikes out swinging
|
Batting: LHB Josh Glass
|
0-0: Called Strike 0-1: Ball 1-1: Ball 2-1: Foul Ball, location: 2F 2-2: Fly out, F3 (Line Drive, 3, EV 66.9 MPH)
|
Batting: LHB Alex Aguilar
|
0-0: DOUBLE (Line Drive, 78XD, EV 103.8 MPH)
|
Batting: RHB Jason Lambert
|
0-0: Ball 1-0: Ball 2-0: Ball 3-0: Called Strike 3-1: Base on Balls
|
Batting: RHB Rob Coble
|
0-0: Ball 1-0: Foul Ball, location: 2F 1-1: Swinging Strike 1-2: Strikes out swinging
|
Bottom of the 7th over - 0 runs, 1 hit, 0 errors, 2 left on base; University of Miami 0 - University of Virginia 5 |
TOP OF THE 8TH |
University of Miami Hurricanes batting - Pitching for University of Virginia Cavaliers : LHP Cory Byler
|
Pinch Hitting: RHB Drew Morgenstern
|
0-0: Called Strike 0-1: Ball 1-1: Ball 2-1: Foul Ball, location: 2F 2-2: SINGLE (Flyball, 34D, EV 91.9 MPH)
|
Pitching: RHP Tofik Javakhov
|
|
Pinch Hitting: RHB Tu Vo
|
0-0: Ball 1-0: Swinging Strike 1-1: Ball 2-1: Swinging Strike 2-2: Ball 3-2: Fielders Choice at 2nd, 3-6 (Groundball, 34S, EV 83.1 MPH)
|
Pitching: RHP Andy Cruz
|
|
Batting: LHB Juan Zuniga
|
0-0: Ball 1-0: Fly out, F9 (Line Drive, 89M, EV 93.8 MPH)
|
Batting: RHB Burke Miller
|
0-0: Ball 1-0: Swinging Strike 1-1: Swinging Strike 1-2: Ball Wild Pitch! Tu Vo to second 2-2: Ball 3-2: Base on Balls
|
Batting: RHB Chris Zubia
|
0-0: Called Strike 0-1: Fly out, F8 (Flyball, 8RXD, EV 103.1 MPH)
|
Top of the 8th over - 0 runs, 1 hit, 0 errors, 2 left on base; University of Miami 0 - University of Virginia 5 |
BOTTOM OF THE 8TH |
University of Virginia Cavaliers batting - Pitching for University of Miami Hurricanes : RHP Bobby Edwards
|
Now at SS: Tu Vo
|
|
Now in LF: Drew Morgenstern
|
|
Batting: RHB Jose Velez
|
0-0: Ball 1-0: Ball 2-0: Called Strike 2-1: Foul Ball, location: 2F 2-2: Ground out 5-3 (Groundball, 56, EV 88.8 MPH)
|
Batting: RHB Allen McCaskill
|
0-0: Foul Ball, location: 2F 0-1: Fly out, F7 (Flyball, 7LSF, EV 87.5 MPH)
|
Batting: RHB Jason Thresher
|
0-0: Ball 1-0: Ball 2-0: Ball 3-0: Called Strike 3-1: Base on Balls
|
Batting: RHB Luke Bertrand
|
0-0: Called Strike Jason Thresher steals 2nd base 0-1: Foul Ball, location: 2F 0-2: Strikes out swinging
|
Bottom of the 8th over - 0 runs, 0 hits, 0 errors, 1 left on base; University of Miami 0 - University of Virginia 5 |
TOP OF THE 9TH |
University of Miami Hurricanes batting - Pitching for University of Virginia Cavaliers : RHP Andy Cruz
|
Batting: LHB Dennis Jones
|
0-0: Ball 1-0: Ball 2-0: Foul Ball, location: 2F 2-1: Called Strike 2-2: Strikes out swinging
|
Batting: SHB Taylor Shelton
|
0-0: Ball 1-0: Called Strike 1-1: Ball 2-1: SINGLE (Line Drive, 4M, EV 98.8 MPH)
|
Batting: LHB Addergoole Kartosuwiryo
|
0-0: SINGLE (Line Drive, 4M, EV 100.6 MPH) Taylor Shelton to second
|
Batting: RHB Sam Costello
|
0-0: Ball 1-0: Ball 2-0: Ball Wild Pitch! Taylor Shelton to third Addergoole Kartosuwiryo to second 3-0: Called Strike 3-1: Base on Balls
|
Pitching: RHP Gregory Reader
|
|
Batting: RHB Drew Morgenstern
|
0-0: Ball 1-0: Grounds into double play, 6-4-3 (Groundball, 6, EV 84.4 MPH)
|
Top of the 9th over - 0 runs, 2 hits, 0 errors, 2 left on base; University of Miami 0 - University of Virginia 5 |
|